 Dungeon Crawl Stone Soup version 0.19-a0-867-g949743d (webtiles) character file.

40 PurpleSnorlax the Poker (level 3, 0/22 HPs)
             Began as a Gargoyle Gladiator on July 3, 2016.
             Slain by a gnoll
             ... wielding a +0 club
              (3 damage)
             ... on level 2 of the Dungeon.
             The game lasted 00:04:35 (1730 turns).

PurpleSnorlax the Poker (Gargoyle Gladiator)        Turns: 1730, Time: 00:04:36

Health: 0/22       AC:  7    Str: 19    XL:     3   Next: 50%
Magic:  3/3        EV: 12    Int:  8    God:
Gold:   64         SH:  0    Dex: 10    Spells: 0 memorised, 2 levels left

rFire  . . .     SeeInvis .     a - +0 trident
rCold  . . .     Gourm    .     b - +0 leather armour
rNeg   + . .     Faith    .     (no shield)
rPois  ∞         Spirit   .     c - +0 helmet
rElec  +         Dismiss  .     (no cloak)
rCorr  .         Reflect  .     (no gloves)
SustAt .         Harm     .     (no boots)
MR     .....                    (no amulet)
Stlth  +.........               (no ring)
                                (no ring)

@: fainting, not resistant to hostile enchantments, very unstealthy
A: negative energy resistance 1, electricity resistance, unbreathing,
petrification resistance, rot immunity, AC +3
a: no special abilities


You were on level 2 of the Dungeon.
You were fainting.

You visited 1 branch of the dungeon, and saw 2 of its levels.

You collected 64 gold pieces.

Inventory:

Hand Weapons
 a - a +0 trident (weapon)
 g - a cursed -2 whip
 n - a +0 hunting sling
Missiles
 d - 3 throwing nets (quivered)
 o - 33 sling bullets
Armour
 b - a +0 leather armour (worn)
 c - a +0 helmet (worn)
Jewellery
 j - an uncursed ring of flight {unknown}
Scrolls
 e - 2 scrolls of remove curse {unknown}
 k - a scroll of identify {unknown}
 m - a scroll of enchant weapon {unknown}
 p - a scroll of amnesia {unknown}
Potions
 h - a potion of degeneration {unknown}
Comestibles
 f - 3 bread rations
 l - a meat ration


   Skills:
 + Level 2.4 Fighting
 + Level 3.0 Polearms
 + Level 1.9 Throwing
 + Level 1.3 Armour
 + Level 2.8 Dodging
 + Level 0.8 Stealth


You had 2 spell levels left.
You didn't know any spells.

Dungeon Overview and Level Annotations

Branches:
Dungeon (2/15)

Altars:


Innate Abilities, Weirdness & Mutations

You are resistant to torment.
Your stone body is resilient. (AC +3)
You are immune to poison.
You resist negative energy. (rN+)
You are resistant to electric shocks. (rElec)
You can survive without breathing.
You are immune to petrification.
You are immune to rotting.


Message History

As you read the scroll labeled GAKUGEBRIHEL, it crumbles to dust.
The scroll dissolves into smoke.
It was a scroll of fog.
The gnoll hits you but does no damage.
The gnoll hits you from afar with a spear.
You hit the gnoll but do no damage. The gnoll hits you but does no damage.
The gnoll barely misses you.
You barely miss the gnoll.
The gnoll hits you from afar with a spear.
The gnoll hits you with a club.
You barely miss the gnoll.
The gnoll hits you from afar with a spear.
The gnoll hits you with a club.
You completely miss the gnoll.
The gnoll hits you from afar with a spear!
* * * LOW HITPOINT WARNING * * *
The gnoll hits you but does no damage.
You barely miss the gnoll. The gnoll misses you. x2
The gnoll hits you but does no damage.
You hit the gnoll but do no damage. The gnoll hits you with a club.
You die...

###......
.....#.#
#...#.#
#.....# #
#..§§§##.#
#.§§§§§.#
#g# #g#
##@# #..#
#.## # #.#
#. #.# #.#
##.# ..#
##.#.#
#.###.##.#
#
#.#...).#


You could see 2 gnolls.

Vanquished Creatures
  An adder (D:2)
  A dart slug (D:1)
  2 bats (D:1)
  A hobgoblin (D:2)
  7 jackals
  3 kobolds
  2 quokkas (D:2)
  3 giant newts
  4 goblins
  4 rats
28 creatures vanquished.

Notes
Turn   | Place    | Note
-------+----------+-------------------------------------------
     0 | D:1      | PurpleSnorlax the Gargoyle Gladiator began the quest for the Orb.
     0 | D:1      | Reached XP level 1. HP: 12/12 MP: 1/1
   808 | D:1      | Reached XP level 2. HP: 17/17 MP: 2/2
  1294 | D:2      | Reached skill level 1 in Armour
  1294 | D:2      | Reached XP level 3. HP: 18/22 MP: 3/3
  1322 | D:2      | Reached skill level 3 in Polearms
  1713 | D:2      | Paralysed by fainting for 5 turns
  1730 | D:2      | Slain by a gnoll

Vault maps used:
D:1:      lightli_arrival_farm
D:2:      lemuel_doored_altar

Skill      XL: |  1  2  3 |
---------------+----------+-----
Armour         | 1 |  1.3
Polearms       | 3 |  3.0
Fighting       | |  2.4
Throwing       | |  1.9
Dodging        | |  2.8
Stealth        | |  0.8

Action                   || total
-------------------------++-------
Melee: Trident           ||   131
  Use: Scroll            ||     1
 Stab: Sleeping          ||     1
Armor: Leather armour    ||    99
Dodge: Dodged            ||   146
